 Dungeon Crawl Stone Soup version 0.25-a0-464-g3004169c2b (webtiles) character file.

Game seed: 16983823470319481888, levelgen mode: deterministic

53 mopl the Slasher (level 3, -3/33 HPs)
             Began as a Tengu Warper on Feb 4, 2020.
             Slain by a worm (6 damage)
             ... on level 2 of the Dungeon.
             The game lasted 00:03:20 (1679 turns).

mopl the Slasher (Tengu Warper)                     Turns: 1679, Time: 00:03:21

Health: -3/33      AC: 21    Str: 12    XL:     3   Next: 89%
Magic:  7/7        EV:  2    Int: 13    God:
Gold:   25         SH:  0    Dex: 13    Spells: 2/6 levels left

rFire    . . .     SeeInvis .   a - +0 falchion
rCold    . . .     Gourm    .   (no shield)
rNeg     + + +     Faith    .   (armour currently unavailable)
rPois    +         Spirit   .   (helmet currently unavailable)
rElec    .         Reflect  .   (cloak currently unavailable)
rCorr    .         Harm     .   (gloves currently unavailable)
MR       .....     NoTele   +   (boots unavailable)
Stlth    +.........             (no amulet)
HPRegen  0.11/turn              k - +4 ring of slaying
MPRegen  0.10/turn              (no ring)

@: tree-form
A: no striking features
a: no special abilities


You were on level 2 of the Dungeon.
You were not hungry.
You were a tree.
You visited 1 branch of the dungeon, and saw 2 of its levels.

You collected 25 gold pieces.

Inventory:

Hand Weapons
 a - a +0 falchion (weapon)
Missiles
 e - 5 boomerangs of dispersal (quivered)
Armour
 b - a +0 leather armour (melded)
Jewellery
 k - a +4 ring of slaying (left branch)
Scrolls
 c - a scroll of remove curse {unknown}
 d - 3 scrolls of blinking
 g - a scroll of teleportation {unknown}
 i - a scroll of identify {unknown}
Potions
 j - a potion of haste {unknown}
 m - a potion of lignification {!q}
Comestibles
 f - 3 rations


   Skills:
 + Level 2.4 Fighting
 * Level 3.9 Long Blades
 - Level 1.0 Throwing
 - Level 1.1 Armour
 - Level 2.1 Dodging
 - Level 2.0 Spellcasting
 + Level 2.6 Translocations


You had 2 spell levels left.
You knew the following spells:

 Your Spells              Type           Power        Failure   Level  Hunger
e - Blink                 Tloc           N/A          13%         2    ###....
f - Shroud of Golubria    Chrm/Tloc      #.....       22%         2    ###....

Your spell library contained the following spells:

 Spells                   Type           Power        Failure   Level  Hunger
 Gell's Gravitas          Tloc           #.........   26%         3    ####...
 Lesser Beckoning         Tloc           #.........   26%         3    ####...
 Teleport Other           Tloc           #.......     26%         3    ####...
 Passage of Golubria      Tloc           N/A          65%         4    #####..


Dungeon Overview and Level Annotations

Branches:
Dungeon (2/15)

Altars:
Wu Jian


Innate Abilities, Weirdness & Mutations

((You have a beak for a mouth.))
((You have claws for feet.))


Message History

* * * LOW HITPOINT WARNING * * *
You hit the worm.
The worm is heavily wounded.
You barely miss the worm.
The worm is heavily wounded.
The worm bites you but does no damage.
You barely miss the worm.
The worm is moderately wounded.
The worm bites you but does no damage.
You hit the worm.
The worm is heavily wounded.
The worm bites you.
* * * LOW HITPOINT WARNING * * *
Okay, then.
You hit the worm.
The worm is severely wounded.
You hit the worm.
The worm is almost dead.
The worm bites you.
You die...

.... ## #..> .. #..# #.
#..# #. #..# ###.####
#..# .....<.# ######†w#
###.##†# ##.....♣.#
.......###.#.#.#.######
###.##.................#
#. #.###.#.#.#........
#. #.# #...########.# #.
#.# ##.## #.##.#####.#
..........# ###.####..#


You could see a worm.

Vanquished Creatures
  2 adders (D:2)
  A worm (D:2)
  2 dart slugs
  A giant cockroach (D:1)
  A goblin (D:1)
  7 hobgoblins
  2 jackals (D:1)
  A quokka (D:2)
  8 kobolds (D:1)
  2 rats
27 creatures vanquished.

Notes
Turn   | Place    | Note
-------+----------+-------------------------------------------
     0 | D:1      | mopl the Tengu Warper began the quest for the Orb.
     0 | D:1      | Reached XP level 1. HP: 12/12 MP: 4/4
    69 | D:1      | Reached XP level 2. HP: 16/17 MP: 6/6
    79 | D:1      | Reached skill level 3 in Long Blades
    90 | D:1      | Learned a level 2 spell: Blink
  1032 | D:1      | Reached XP level 3. HP: 18/21 MP: 7/7
  1288 | D:2      | Found an ornate altar of the Wu Jian Council.
  1292 | D:2      | Learned a level 2 spell: Shroud of Golubria
  1667 | D:2      | HP: 1/22 [adder (4)]
  1679 | D:2      | Slain by a worm

Levels and vault maps discovered:
D:1:      eino_arrival_tree_alley, layout_basic, chequers_avenue
D:2:      layout_loops_ring, kiku_gazebo_garden_becter, lemuel_doored_altar

Skill      XL: |  1  2 |
---------------+-------+-----
Long Blades    | 3 |  3.9
Fighting       | |  2.4
Throwing       | |  1.0
Armour         | |  1.1
Dodging        | |  2.1
Spellcasting   | |  2.0
Translocations | |  2.6

Action                   || total
-------------------------++-------
Melee: Falchion          ||    73
       Kick              ||    20
       Peck              ||    12
  Use: Scroll            ||     1
       Potion            ||     2
  Eat: Chunk             ||     2
Armor: Leather armour    ||    12
       Skin              ||     7
Dodge: Dodged            ||    41
       Rpst.: Falchion   ||    12

Table legend:
 A = Non-vault XP
 B = Vault XP
 C = Vault XP percentage of total XP
 D = Non-vault monster count
 E = Vault monster count
 F = Vault count percentage of total count
                 A         B        C        D         E       F
            +---------+---------+-------+---------+---------+-------
      Total |      77 |       0 |   0.0 |      27 |       0 |   0.0
            +---------+---------+-------+---------+---------+-------
        D:1 |      36 |       0 |   0.0 |      20 |       0 |   0.0
        D:2 |      41 |       0 |   0.0 |       7 |       0 |   0.0
            +---------+---------+-------+---------+---------+-------
